 Dungeon Crawl Stone Soup version 0.19-a0-749-g66ae36b (webtiles) character file.

258517 Gorice the Fencer (level 19, -2/172 HPs)
             Began as a Demonspawn Abyssal Knight on June 22, 2016.
             Was the Champion of Lugonu.
             Slain by a lorocyproca (3 damage)
             ... summoned by a lich
             ... on level 1 of the Vaults on June 24, 2016.
             The game lasted 05:45:49 (64692 turns).

Gorice the Fencer (Demonspawn Abyssal Knight)      Turns: 64692, Time: 05:45:51

Health: -2/172     AC: 32    Str: 18    XL:     19   Next: 12%
Magic:  26/26      EV: 11    Int: 16    God:    Lugonu [******]
Gold:   2419       SH:  0    Dex: 13    Spells: 2 memorised, 14 levels left

rFire  + + .     SeeInvis +     a - +2 sword of Power
rCold  . . .     Gourm    .     g - +0 plate armour
rNeg   . . .     Faith    .     (shield currently unavailable)
rPois  .         Spirit   .     Q - +1 helmet {SInv}
rElec  .         Dismiss  +     w - +0 cloak
rCorr  .         Reflect  .     C - +2 pair of gloves
SustAt .         Harm     .     (boots unavailable)
MR     +....                    J - amulet of dismissal
Stlth  ..........               x - +3 ring of protection
                                p - +3 ring of slaying

@: about to teleport, somewhat resistant to hostile enchantments, extremely
unstealthy
A: talons 3, molten scales 3, fire resistance 1, ignite blood, nightstalker 1,
robust 1, flame cloud immunity
a: Depart the Abyss, Bend Space, Banish, Corrupt, Enter the Abyss, Brand Weapon
With Distortion, Renounce Religion
}: 2/15 runes: decaying, serpentine


You were on level 1 of the Vaults.
You worshipped Lugonu.
Lugonu was exalted by your worship.
You were not hungry.

You visited 7 branches of the dungeon, and saw 33 of its levels.
You visited the Abyss 2 times.
You also visited: Labyrinth, Sewer and Bailey.

You collected 3044 gold pieces.
You spent 625 gold pieces at shops.

Inventory:

Hand Weapons
 a - the +2 sword of Power (weapon)
   (You acquired it on level 7 of the Dungeon)
 b - a +2 hunting sling of velocity
   (You found it on level 2 of the Dungeon)
 B - a +0 blowgun
Missiles
 h - 113 sling bullets
 m - 19 curare-tipped needles
 Y - 7 throwing nets (quivered)
Armour
 g - a +0 plate armour (worn)
 w - a +0 cloak (worn)
 C - a +2 pair of gloves (worn)
 Q - a +1 helmet of see invisible (worn)
   (You bought it in a shop on level 2 of the Orcish Mines)
Rods
 I - a +2 rod of ignition (13/13) {!a}
   (You found it on level 12 of the Dungeon)
Jewellery
 p - a +3 ring of slaying (left hand)
 x - a +3 ring of protection (right hand)
 z - an uncursed ring of positive energy
 D - an uncursed ring of poison resistance
 E - the ring "Cimmilim" {rCorr rC- Str+5 Int+5}
   (You found it on level 4 of the Lair of Beasts)

   [ring of resist corrosion]

   It affects your strength (+5).
   It affects your intelligence (+5).
   It makes you vulnerable to cold.
 J - an amulet of dismissal (around neck)
 K - an uncursed ring of protection from cold
 S - an uncursed ring of flight
Wands
 d - a wand of acid (0/15)
 r - a wand of iceblast (5/15)
 s - a wand of enslavement (8/24)
 v - a wand of teleportation (6/9) {!d}
 T - a wand of paralysis (17/24)
Scrolls
 e - 19 scrolls of remove curse
 f - a scroll of torment {!r!r}
 n - a scroll of acquirement {!r}
 t - 3 scrolls of teleportation {!r}
 u - 6 scrolls of identify
 y - 4 scrolls of blinking
 A - 3 scrolls of magic mapping {!r}
 H - 7 scrolls of fog
 X - 2 scrolls of fear {!r}
Potions
 i - a potion of invisibility {!q}
 j - 7 potions of curing
 k - 2 potions of agility {!q}
 o - 6 potions of haste {!q}
 q - a potion of magic {!q}
 G - 2 potions of cancellation {!q}
 O - 4 potions of resistance {!q}
 U - 2 potions of might {!q}
 V - a potion of ambrosia
Miscellaneous
 L - a lamp of fire
 N - 2 boxes of beasts
Comestibles
 c - 12 bread rations {!e}
 l - 8 chunks of flesh
 P - 26 fruits


   Skills:
 - Level 16.0 Fighting
 + Level 17.9 Long Blades
 - Level 15.3 Armour
 + Level 12.2 Dodging
 - Level 1.5 Stealth
 - Level 9.0 Invocations
 + Level 9.7 Evocations


You had 14 spell levels left.
You knew the following spells:

 Your Spells              Type           Power        Failure   Level  Hunger
J - Blink                 Tloc           N/A          100%        2    ###....
S - Swiftness             Chrm/Air       #.......     100%        2    ###....


Dungeon Overview and Level Annotations

Branches:
Dungeon (15/15)            Temple (1/1) D:4            Lair (6/6) D:9
  Swamp (4/4) Lair:3        Snake (4/4) Lair:4        Slime (0/5) Lair:5
    Orc (2/2) D:9             Elf (0/3) Orc:2        Vaults (1/5) D:13
 Depths (0/5) D:15

Altars:
Ashenzari
Cheibriados
Dithmenos
Elyvilon
Fedhas
Gozag
Hepliaklqana
Kikubaaqudgha
Makhleb
Nemelex Xobeh
Okawaru
Pakellas
Qazlal
Ru
Sif Muna
Trog
Uskayaw
Vehumet
Xom
Yredelemnul
Zin
The Shining One

Shops:
D:4 *   D:5 }   D:6 }   Orc:2 [}%?   Vaults:1 *

Portals:
Pandemonium: Orc:2

Annotations:
Abyss:1 Asterion, Nessos, Pikel


Innate Abilities, Weirdness & Mutations

You have claws for feet.
You are completely covered in molten scales. (AC +4, EV -1, rF+)
Your flesh is heat resistant. (rF+)
Your demonic aura causes spilled blood to erupt in flames.
You are slightly more attuned to the shadows.
You are robust. (+10% HP)
You are immune to clouds of flame.


Message History

The bolt hits you but does no damage.
Unknown command.
You sense an aura of extreme power.
a - the +7 sword of Power (weapon)
You slice the lich!!
The lich is severely damaged.
The yaktaur captain is recalled.
The ironheart preserver is recalled.
The Ice Fiend claws you but does no damage. x2
An ironheart preserver comes into view. It is wielding a flail.
The ironheart preserver casts a spell.
The ironheart preserver begins to accept its allies' injuries.
The lich casts a spell.
A vault guard comes into view. It is wielding a battleaxe.
You hit the lich.
The lich is severely damaged.
The Ice Fiend calls on the powers of darkness!
The yaktaur captain convulses!
Your body is wracked with pain!
* * * LOW HITPOINT WARNING * * *
The ironheart preserver convulses!
The ironbrand convoker convulses!
The vault guard convulses!
The yaktaur captain unwields an uncursed arbalest.
The yaktaur captain hits you but does no damage.
The ironheart preserver gestures wildly while chanting.
The ironheart preserver begins to accept its allies' injuries.
The lich touches you but does no damage.
Damage: 37 (max 73) Unknown command.
Unknown command.
You closely miss the lich. Your kick misses the lich.
The lich is severely damaged.
The Ice Fiend calls on the powers of darkness!
The yaktaur captain convulses!
Your body is wracked with pain!
* * * LOW HITPOINT WARNING * * *
The ironheart preserver convulses!
The yaktaur convulses!
The ironbrand convoker convulses!
The vault guard convulses! x2
The ironheart preserver dies!
A yaktaur and a vault guard come into view.
Damage: 19 (max 73) Unknown command.
Unknown command.
Unknown command.
Unknown command.
Unknown command.
You feel better. The lich closely misses you.
The yaktaur wields an arbalest.
The yaktaur shoots a bolt.
The bolt hits you!
* * * LOW HITPOINT WARNING * * *
The yaktaur captain hits you!
* * * LOW HITPOINT WARNING * * *
The lorocyproca hits you.
You die...

......#....#
#.###.....#.......
......#....#
+[$.#.....#.......
......#....#
#pp##.....#.......
#######....# #p#
... #.......
#....#####'###...
#.......
#.........(......
########
#.........)......
...
#........c1L.....
...
#........ยง@2.....
...
#.........(......
...
#######c#########
### #..# #..


You could see an Ice Fiend, a lich (invisible), a yaktaur captain, a lorocyproca
(invisible), 2 vault guards, an ironbrand convoker and a yaktaur.

Vanquished Creatures
  Nikola (Swamp:3)
  A tentacled monstrosity (Swamp:4)
  Agnes (Snake:1)
  8 greater nagas
  A thorn hunter (Swamp:3)
  Aizul (Snake:1)
  Maud (Lair:3)
  2 vault wardens (Vaults:1)
  3 orc warlords
  A ghoul (Swamp:2)
  3 very ugly things
  A stone giant (D:14)
  A green draconian (Abyss:2)
  A yaktaur captain (Vaults:1)
  2 green deaths (Swamp:4)
  2 death oozes (Swamp:4)
  17 naga warriors
  Harold (Lair:2)
  A hell beast (Swamp:4)
  20 hydras
  2 ghost crabs
  6 centaur warriors
  7 anacondas
  6 alligators
  Urug (Lair:1)
  6 orc high priests (Orc:2)
  9 shock serpents
  A sun demon (Orc:2)
  Sonja (D:13)
  A thrashing horror (Swamp:4)
  21 naga sharpshooters
  5 skeletal warriors (D:15)
  A soul eater (Orc:2)
  A death drake (Abyss:2)
  4 spriggan druids
  An unseen horror (D:14)
  An infernal demonspawn (Orc:2)
  6 swamp dragons
  A wizard (D:13)
  A salamander mystic (Snake:3)
  A giant orange brain (D:15)
  6 naga ritualists
  3 sea snakes
  6 hill giants
  4 harpies (Vaults:1)
  2 torturous demonspawn (Orc:2)
  A necromancer (D:13)
  4 lindwurms (Lair:4)
  7 orc knights
  10 mana vipers
  9 orc sorcerers
  27 elephants
  A griffon (Lair:5)
  12 salamanders
  11 ugly things
  3 cyclopes
  7 deep elf magi
  An apocalypse crab (Abyss:2)
  A manticore (D:13)
  30 black mambas
  35 naga magi
  2 vault sentinels (Vaults:1)
  5 guardian serpents
  21 spiny frogs
  A smoke demon (Orc:2)
  2 gargoyles (D:13)
  2 centaur skeletons
  4 orange demons
  2 kobold demonologists
  11 komodo dragons
  8 yaktaurs (Vaults:1)
  A freezing wraith (Vaults:1)
  4 rime drakes
  2 red devils (Orc:2)
  4 polar bears (Lair:6)
  A troll (shapeshifter) (D:15)
  5 trolls
  10 giant leeches
  10 blink frogs
  A slime creature (shapeshifter) (D:15)
  3 two-headed ogres
  10 bog bodies
  34 slime creatures
  A raiju (Abyss:2)
  20 spriggans
  A redback (Lair:6)
  11 shadows
  4 wyverns
  A fire elemental (Lair:2)
  2 basilisks (Lair:1)
  A fire bat (shapeshifter) (D:14)
  2 large abominations
  2 humans (D:9)
  2 wraiths (D:13)
  34 yaks
  6 hippogriffs
  3 hungry ghosts
  21 vampire mosquitoes
  A mottled dragon (D:14)
  27 swamp worms
  13 insubstantial wisps
  5 wargs
  70 nagas
  A soldier ant (D:11)
  30 water moccasins
  12 porcupines
  A giant eyeball (shapeshifter) (D:15)
  60 orc warriors
  6 swamp drakes
  5 ice beasts
  3 black bears
  4 sky beasts
  2 eyes of draining
  11 wasps
  16 ogres
  28 wolves
  4 phantoms
  4 boggarts (Lair:6)
  17 crocodiles
  14 centaurs
  11 big kobolds
  11 giant frogs
  2 wyvern skeletons
  3 scorpions
  14 killer bees
  8 howler monkeys
  4 wights
  2 electric eels
  8 crimson imps
  8 hounds
  A quasit (D:6)
  5 centaur zombies
  3 giant frog skeletons
  27 orc priests
  5 jellies
  31 orc wizards
  4 gnoll shamans
  17 iguanas
  14 worker ants
  2 hell rats (Lair:3)
  9 sheep
  2 hound skeletons (D:11)
  2 worker ant zombies
  29 adders
  18 gnolls
  69 river rats
  6 shadow imps
  An ooze (D:7)
  2 adder skeletons (D:5)
  4 dart slugs
  4 worms
  6 giant geckos
  99 orcs
  7 ball pythons
  5 giant cockroaches
  7 goblins
  6 hobgoblins
  15 jackals
  4 quokkas
  6 bats
  9 giant newts
  32 kobolds
  A quokka skeleton (D:5)
  10 rats
  A fire vortex (Lair:2)
  7 fungi
  6 plants
  A starspawn tentacle (Abyss:2)
1468 creatures vanquished.

Vanquished Creatures (others)
  An ironheart preserver (Vaults:1)
  A hydra (Lair:1)
  The ghost of tyrsky the Grappler, a novice DrTm of Cheibriados (Lair:1)
  An alligator (Swamp:3)
  An ogre mage (Vaults:1)
  An unseen horror (D:14)
  A spiny frog (Lair:1)
  A meliai (D:14)
  A bog body (Swamp:3)
  The ghost of tstbtto the Chopper, an amateur GrFi of Okawaru (D:4)
  An orc (D:4)
  9 fungi
  10 plants
  11 starspawn tentacle segments (Abyss:2)
  12 withered plants (Swamp:2)
53 creatures vanquished.

Grand Total: 1521 creatures vanquished

Notes
Turn   | Place    | Note
--------------------------------------------------------------
     0 | Abyss:1  | Gorice the Demonspawn Abyssal Knight began the quest for the Orb.
     0 | Abyss:1  | Reached XP level 1. HP: 18/18 MP: 2/2
    53 | D:1      | Escaped the Abyss
   114 | D:1      | Reached skill level 2 in Long Blades
   136 | D:1      | HP: 3/18 [kobold/dagger (4)]
   540 | D:1      | Gained mutation: Your flesh is heat resistant. (rF+) [demonic ancestry]
   540 | D:1      | Reached XP level 2. HP: 24/24 MP: 3/3
   737 | D:1      | Reached ** piety under Lugonu
   797 | D:1      | Reached skill level 3 in Long Blades
  1086 | D:1      | Reached XP level 3. HP: 29/29 MP: 4/4
  1171 | D:2      | Found a deep blue altar of Sif Muna.
  1830 | D:2      | Found a sparkling altar of Nemelex Xobeh.
  1856 | D:2      | Gained mutation: You are immune to clouds of flame. [demonic ancestry]
  1856 | D:2      | Reached XP level 4. HP: 26/35 MP: 6/6
  2231 | D:3      | Found a white marble altar of Elyvilon.
  2247 | D:3      | Reached skill level 4 in Long Blades
  2417 | D:3      | Reached skill level 3 in Invocations
  2532 | D:3      | Found a glowing drain.
  2561 | D:3      | Gained mutation: Your demonic aura causes spilled blood to erupt in flames. [demonic ancestry]
  2561 | D:3      | Reached XP level 5. HP: 15/41 MP: 7/7
  2567 | D:3      | Reached *** piety under Lugonu
  2604 | Sewer    | Entered a sewer
  2617 | Sewer    | HP: 12/41 [poisoned by an adder]
  2623 | Sewer    | HP: 9/41 [poisoned by an adder]
  2630 | Sewer    | HP: 7/41 [poisoned by an adder]
  2637 | Sewer    | --interesting 3rd level of firey blood facet by xpl5
  2972 | Sewer    | Reached skill level 5 in Long Blades
  2972 | Sewer    | Reached skill level 4 in Invocations
  3062 | Sewer    | Gained mutation: You have sharp toenails. [demonic ancestry]
  3062 | Sewer    | Reached XP level 6. HP: 42/47 MP: 9/9
  3572 | D:3      | Found a bloodstained altar of Trog.
  3819 | D:4      | Found Cugirrea's Assorted Antiques.
  3859 | D:4      | Reached skill level 6 in Long Blades
  3862 | D:4      | Reached skill level 5 in Invocations
  3862 | D:4      | Reached XP level 7. HP: 52/52 MP: 10/10
  3997 | D:4      | Found a staircase to the Ecumenical Temple.
  4002 | Temple   | Entered the Ecumenical Temple
  4387 | D:4      | Found a glowing golden altar of the Shining One.
  4468 | D:4      | Reached **** piety under Lugonu
  4472 | D:4      | Noticed tstbtto's ghost (amateur GrFi)
  4594 | D:3      | Reached skill level 7 in Long Blades
  4788 | D:4      | Reached skill level 6 in Invocations
  4891 | D:4      | Banished tstbtto's ghost
  5002 | D:4      | Noticed Pikel
  5043 | D:4      | Banished Pikel
  5043 | D:4      | Reached XP level 8. HP: 58/58 MP: 11/13
  5384 | D:5      | Entered Level 5 of the Dungeon
  5498 | D:5      | Found Ijogobb's Gadget Shoppe.
  5513 | D:5      | Found a sacrificial altar of Ru.
  5589 | D:5      | Reached skill level 8 in Long Blades
  5589 | D:5      | Reached skill level 7 in Invocations
  6344 | D:6      | Found Yqiug's Quality Used Wands.
  6465 | D:6      | Reached skill level 8 in Invocations
  6495 | D:6      | Reached skill level 9 in Long Blades
  6812 | D:5      | Gained mutation: You are partially covered in molten scales. (AC +1) [demonic ancestry]
  6812 | D:5      | Reached XP level 9. HP: 24/63 MP: 15/15
  7708 | D:7      | Reached skill level 9 in Invocations
  7770 | D:7      | Reached skill level 2 in Armour
  7793 | D:7      | Found an opulent altar of Gozag.
  7860 | D:7      | Reached skill level 10 in Long Blades
  7964 | D:7      | Reached ***** piety under Lugonu
  8067 | D:7      | Found a shattered altar of Ashenzari.
  8175 | D:7      | You fall through a shaft!
  8234 | D:7      | Reached skill level 3 in Armour
  8387 | D:7      | Found a hide-covered altar of Uskayaw.
  8616 | D:7      | Identified a scroll of acquirement
  8728 | D:8      | Found a blossoming altar of Fedhas.
  9442 | D:8      | Reached skill level 11 in Long Blades
  9458 | D:8      | Reached skill level 4 in Armour
  9524 | D:8      | Found an oddly glowing altar of Pakellas.
  9671 | D:9      | Gained mutation: You are mostly covered in molten scales. (AC +3, EV -1) [demonic ancestry]
  9671 | D:9      | Reached XP level 10. HP: 47/70 MP: 16/16
  9751 | D:9      | Found a staircase to the Lair.
  9821 | D:9      | Found a flagged portal.
  9876 | Bailey   | Entered a bailey
  9880 | Bailey   | Noticed an orc knight
  9897 | Bailey   | Noticed a mana viper
  9897 | Bailey   | an orc knight changed into a mana viper
 10189 | Bailey   | HP: 18/70 [orc warrior/halberd (17)]
 10194 | Bailey   | HP: 14/70 [orc warrior/halberd (13)]
 10613 | D:9      | Noticed an elephant
 10627 | D:9      | Killed an elephant
 10627 | D:9      | Reached skill level 4 in Fighting
 10627 | D:9      | Reached skill level 5 in Armour
 10841 | D:9      | Reached skill level 12 in Long Blades
 11355 | D:9      | Found an iron altar of Okawaru.
 11576 | D:9      | Reached skill level 5 in Fighting
 11783 | D:9      | Found a staircase to the Orcish Mines.
 11894 | Lair:1   | Entered Level 1 of the Lair of Beasts
 11899 | Lair:1   | Noticed a five-headed hydra
 11900 | Lair:1   | Noticed a spiny frog
 11904 | Lair:1   | Banished a spiny frog
 11904 | Lair:1   | Reached XP level 11. HP: 80/80 MP: 17/17
 11905 | Lair:1   | HP: 21/80 [five-headed hydra (5)]
 11908 | Lair:1   | Banished a five-headed hydra
 11908 | Lair:1   | Reached skill level 6 in Armour
 12305 | Lair:1   | HP: 24/81 [poisoned by a spiny frog]
 12310 | Lair:1   | HP: 21/81 [poisoned by a spiny frog]
 12316 | Lair:1   | HP: 20/81 [poisoned by a spiny frog]
 12322 | Lair:1   | HP: 19/81 [poisoned by a spiny frog]
 12330 | Lair:1   | HP: 19/81 [poisoned by a spiny frog]
 12643 | Lair:1   | Noticed Urug
 12772 | D:9      | Noticed a five-headed hydra
 12776 | D:9      | Killed a five-headed hydra
 12776 | D:9      | Reached skill level 6 in Fighting
 12803 | D:10     | Entered Level 10 of the Dungeon
 14021 | D:11     | Noticed a hill giant
 14030 | D:11     | Killed a hill giant
 14030 | D:11     | Reached skill level 13 in Long Blades
 14030 | D:11     | Reached skill level 7 in Armour
 14255 | D:11     | Paralysed by fainting for 12 turns
 14410 | D:11     | Reached skill level 7 in Fighting
 15251 | D:12     | Noticed a deep elf mage
 15282 | D:12     | Killed a deep elf mage
 15451 | D:12     | Found a labyrinth entrance.
 15489 | D:12     | Identified a +0 rod of ignition (11/11) (You found it on level 12 of the Dungeon)
 15500 | Lab      | Entered a labyrinth
 15834 | Lab      | Noticed a minotaur
 15861 | Lab      | Identified Sif Muna's Compendium of Protection
 15880 | Lab      | Identified the Volume of Warped Feathers
 16141 | D:12     | Noticed a deep elf mage
 16146 | D:12     | Noticed a hill giant
 16153 | D:12     | Killed a deep elf mage
 16161 | D:12     | Killed a hill giant
 16161 | D:12     | Reached skill level 8 in Armour
 16161 | D:12     | Gained mutation: You are slightly more attuned to the shadows. [demonic ancestry]
 16161 | D:12     | Reached XP level 12. HP: 43/92 MP: 18/18
 16596 | Lair:1   | Killed Urug
 16596 | Lair:1   | Reached ****** piety under Lugonu
 16596 | Lair:1   | Reached skill level 8 in Fighting
 16615 | Lair:1   | Learned a level 2 spell: Blink
 16618 | Lair:1   | Learned a level 2 spell: Swiftness
 17063 | Lair:1   | Noticed tyrsky's ghost (novice DrTm)
 17063 | Lair:1   | Banished tyrsky's ghost
 17488 | Lair:1   | Reached skill level 9 in Fighting
 17569 | Lair:1   | Reached skill level 9 in Armour
 17912 | Lair:1   | Reached skill level 14 in Long Blades
 18464 | Lair:2   | Noticed Harold
 18477 | Lair:2   | Killed Harold
 18742 | Lair:2   | Reached skill level 10 in Fighting
 19683 | Lair:3   | Reached skill level 10 in Armour
 19683 | Lair:3   | Reached XP level 13. HP: 96/103 MP: 19/19
 19775 | Lair:3   | Noticed Maud
 19776 | Lair:3   | --heh "Give that sword to me immediately!
 19792 | Lair:3   | Killed Maud
 20122 | Lair:2   | HP: 29/105 [yak (11)]
 20127 | Lair:2   | HP: 21/105 [yak (5)]
 20560 | Lair:3   | Reached skill level 11 in Fighting
 21208 | Lair:3   | Found a staircase to the Swamp.
 21562 | Lair:3   | Reached skill level 11 in Armour
 22692 | Lair:4   | Found a staircase to the Snake Pit.
 23016 | Lair:4   | Reached skill level 12 in Fighting
 23045 | Lair:4   | Got a clouded tin ring
 23211 | Lair:4   | Identified the ring "Cimmilim" {rCorr rC- Str+5 Int+5} (You found it on level 4 of the Lair of Beasts)
 23559 | Lair:5   | Upgraded the game from 0.19-a0-734-ge18daf0 to 0.19-a0-742-g4563caa
 23665 | Lair:5   | Reached skill level 12 in Armour
 23969 | Lair:5   | Reached XP level 14. HP: 84/116 MP: 20/20
 24184 | Lair:5   | Found a staircase to the Slime Pits.
 24558 | Lair:6   | Entered Level 6 of the Lair of Beasts
 24891 | Lair:6   | Reached skill level 13 in Fighting
 25806 | Lair:6   | --wow 3!cure mut on L6!
 25825 | Lair:6   | Reached skill level 13 in Armour
 26266 | Orc:1    | Entered Level 1 of the Orcish Mines
 26266 | Orc:1    | Noticed an orc warlord
 26356 | D:9      | Killed an orc warlord
 27039 | Orc:1    | Found a burning altar of Makhleb.
 27208 | Orc:1    | Reached skill level 14 in Fighting
 27491 | Orc:2    | Entered Level 2 of the Orcish Mines
 27491 | Orc:2    | Noticed an orc warlord
 27500 | Orc:1    | Killed an orc warlord
 27536 | Orc:1    | Noticed an orc warlord
 27864 | D:9      | Killed an orc warlord
 28381 | Orc:2    | Noticed Nessos
 28607 | Orc:2    | Banished Nessos
 28888 | Orc:2    | Found a staircase to the Elven Halls.
 29451 | Orc:2    | Found Ikhoguok's Food Boutique.
 29528 | Orc:2    | Gained mutation: You have razor-sharp toenails. [demonic ancestry]
 29528 | Orc:2    | Reached XP level 15. HP: 103/127 MP: 21/21
 29633 | Orc:2    | Found Zopunwu's Magic Scroll Shop.
 29904 | Orc:2    | Bought a scroll of identify for 30 gold pieces
 30136 | Orc:2    | HP: 24/127 [sun demon (19)]
 30463 | Orc:2    | Reached skill level 14 in Armour
 31316 | Orc:2    | Reached skill level 15 in Fighting
 31496 | Orc:2    | Found Darritt's Gadget Emporium.
 31496 | Orc:2    | Found a one-way gate leading to the halls of Pandemonium.
 31496 | Orc:2    | Found Nunn's Antique Armour Shoppe.
 31517 | Orc:2    | Bought a shiny helmet for 144 gold pieces
 32111 | D:13     | Found a gate to the Vaults.
 32374 | D:13     | Noticed Sonja
 32383 | D:13     | HP: 35/129 [poisoned by Sonja (curare-tipped needle)]
 32389 | D:13     | HP: 32/129 [asphyx]
 32413 | D:13     | HP: 29/129 [soul eater[a kobold demonologist] (12)]
 32414 | D:13     | HP: 14/129 [soul eater/drain life[a kobold demonologist] (14)]
 32422 | D:13     | HP: 21/129 [purple ugly thing (12)]
 33134 | D:5      | Bought a wand of paralysis (19/24) for 294 gold pieces
 33452 | D:13     | Killed Sonja
 35385 | D:14     | Found a large runed door.
 35385 | D:14     | Found a large runed door.
 35413 | D:14     | Reached skill level 15 in Armour
 35735 | D:14     | Found a snail-covered altar of Cheibriados.
 36270 | D:14     | Cast into level 2 of the Abyss (meliai)
 36524 | Abyss:2  | Reached skill level 16 in Fighting
 36524 | Abyss:2  | Reached skill level 1 in Stealth
 36545 | Abyss:2  | HP: 17/131 [large abomination (25)]
 36549 | Abyss:2  | Noticed a tentacled starspawn
 36556 | Abyss:2  | HP: 11/131 [tentacled starspawn (16)]
 36558 | Abyss:2  | HP: 4/131 [tentacled starspawn (9)]
 36559 | D:14     | Escaped the Abyss
 37219 | D:14     | Found a glowing silver altar of Zin.
 37247 | D:14     | HP: 29/131 [ettin/dire flail (24)]
 37615 | D:14     | Found a hide-covered altar of Uskayaw.
 37639 | D:15     | Entered Level 15 of the Dungeon
 38136 | D:15     | Reached XP level 16. HP: 110/138 MP: 22/22
 38899 | D:15     | Found a staircase to the Depths.
 39493 | D:8      | Reached skill level 1 in Dodging
 39733 | Snake:1  | Entered Level 1 of the Snake Pit
 40093 | Snake:1  | Noticed Asterion
 40101 | Snake:1  | Banished Asterion
 40101 | Snake:1  | Reached skill level 2 in Dodging
 40601 | Snake:1  | Noticed Aizul
 40639 | Snake:1  | Killed Aizul
 40639 | Snake:1  | Reached skill level 3 in Dodging
 41157 | Snake:1  | Noticed Agnes
 41166 | Snake:1  | Killed Agnes
 41674 | Snake:1  | Reached skill level 15 in Long Blades
 41699 | Snake:1  | Reached skill level 4 in Dodging
 41860 | Snake:2  | Got a slimy ring mail
 42690 | Snake:2  | Reached skill level 5 in Dodging
 42722 | Snake:2  | HP: 41/138 [naga sharpshooter/arrow (4)]
 42774 | Snake:2  | HP: 41/138 [naga sharpshooter/arrow (4)]
 43659 | Snake:2  | Identified the cursed +0 ring mail "Vadufuy" {-Cast rElec Str+5} (You found it on level 2 of the Snake Pit)
 43768 | Snake:2  | HP: 40/138 [poisoned by a naga mage (poison arrow)]
 43773 | Snake:2  | HP: 28/138 [poisoned by a naga mage (poison arrow)]
 43780 | Snake:2  | HP: 38/138 [poisoned by a naga (splash of poison)]
 43786 | Snake:2  | HP: 36/138 [poisoned by a naga (splash of poison)]
 43793 | Snake:2  | HP: 35/138 [poisoned by a naga (splash of poison)]
 43800 | Snake:2  | HP: 35/138 [poisoned by a naga (splash of poison)]
 43808 | Snake:2  | HP: 36/138 [poisoned by a naga (splash of poison)]
 44195 | Snake:2  | Reached skill level 6 in Dodging
 45872 | Snake:2  | Reached skill level 7 in Dodging
 46944 | Snake:3  | Gained mutation: You are completely covered in molten scales. (AC +4, EV -1, rF+) [demonic ancestry]
 46944 | Snake:3  | Reached XP level 17. HP: 72/144 MP: 23/23
 46957 | Snake:2  | HP: 43/144 [poisoned by a greater naga (splash of poison)]
 46962 | Snake:2  | HP: 38/144 [poisoned by a greater naga (splash of poison)]
 46967 | Snake:2  | HP: 36/144 [poisoned by a greater naga (splash of poison)]
 46972 | Snake:2  | HP: 35/144 [poisoned by a greater naga (splash of poison)]
 46977 | Snake:2  | HP: 35/144 [poisoned by a greater naga (splash of poison)]
 46984 | Snake:2  | HP: 35/144 [poisoned by a greater naga (splash of poison)]
 46992 | Snake:2  | HP: 36/144 [poisoned by a greater naga (splash of poison)]
 47320 | Snake:2  | Reached skill level 16 in Long Blades
 47361 | Snake:3  | HP: 42/144 [naga/glaive (11)]
 47366 | Snake:3  | HP: 35/144 [poisoned by a naga sharpshooter (splash of poison)]
 47371 | Snake:2  | HP: 31/144 [poisoned by a naga sharpshooter (splash of poison)]
 47377 | Snake:2  | HP: 30/144 [poisoned by a naga sharpshooter (splash of poison)]
 47382 | Snake:2  | HP: 30/144 [poisoned by a naga sharpshooter (splash of poison)]
 47389 | Snake:2  | HP: 30/144 [poisoned by a naga sharpshooter (splash of poison)]
 47397 | Snake:2  | HP: 31/144 [poisoned by a naga sharpshooter (splash of poison)]
 48672 | Snake:3  | Reached skill level 8 in Dodging
 49777 | Swamp:1  | Entered Level 1 of the Swamp
 50721 | Swamp:1  | Reached skill level 1 in Evocations
 50776 | Swamp:1  | Upgraded the game from 0.19-a0-742-g4563caa to 0.19-a0-749-g66ae36b
 51764 | Swamp:2  | Reached skill level 2 in Evocations
 51886 | Swamp:2  | Reached skill level 9 in Dodging
 52077 | Swamp:2  | Reached skill level 3 in Evocations
 53737 | Swamp:3  | Reached skill level 4 in Evocations
 53748 | Swamp:3  | Noticed Nikola
 53776 | Swamp:3  | Killed Nikola
 54363 | Swamp:3  | HP: 18/144 [alligator[an alligator] (32)]
 55279 | Swamp:3  | Reached skill level 5 in Evocations
 55519 | Swamp:4  | Entered Level 4 of the Swamp
 55541 | Swamp:4  | Reached skill level 10 in Dodging
 55878 | Swamp:4  | Noticed a tentacled monstrosity
 55894 | Swamp:4  | Killed a tentacled monstrosity
 56067 | Swamp:4  | Reached skill level 17 in Long Blades
 56079 | Swamp:4  | HP: 39/144 [four-headed hydra[a spriggan druid] (8)]
 56084 | Swamp:4  | HP: 31/144 [six-headed hydra[a spriggan druid] (2)]
 56116 | Swamp:4  | HP: 38/144 [five-headed hydra[a spriggan druid] (4)]
 56128 | Swamp:4  | HP: 31/144 [five-headed hydra[a spriggan druid] (1)]
 56209 | Swamp:3  | Gained mutation: You have claws for feet. [demonic ancestry]
 56209 | Swamp:3  | Reached XP level 18. HP: 54/151 MP: 24/24
 56634 | Swamp:4  | Reached skill level 6 in Evocations
 56801 | Swamp:4  | HP: 41/151 [death ooze (13)]
 57637 | Swamp:4  | Got a decaying rune of Zot
 57950 | Swamp:4  | HP: 30/151 [giant leech[a spriggan druid] (16)]
 59073 | Snake:4  | Entered Level 4 of the Snake Pit
 59087 | Snake:4  | Reached skill level 7 in Evocations
 59159 | Snake:4  | Reached skill level 11 in Dodging
 60780 | Snake:4  | Reached skill level 8 in Evocations
 61469 | Snake:4  | HP: 39/151 [greater naga/halberd (11)]
 61479 | Snake:4  | HP: 27/151 [greater naga/splash of poison (3)]
 61485 | Snake:4  | HP: 19/151 [poisoned by a greater naga (poison arrow)]
 61492 | Snake:4  | HP: 18/151 [poisoned by a greater naga (poison arrow)]
 61499 | Snake:4  | HP: 19/151 [poisoned by a greater naga (poison arrow)]
 61507 | Snake:4  | HP: 19/151 [poisoned by a greater naga (poison arrow)]
 62488 | Snake:4  | Reached skill level 9 in Evocations
 62620 | Snake:4  | HP: 35/151 [greater naga/orb of energy (28)]
 62626 | Snake:4  | HP: 24/151 [poisoned by a greater naga (splash of poison)]
 62633 | Snake:4  | HP: 24/151 [poisoned by a greater naga (splash of poison)]
 62640 | Snake:4  | HP: 24/151 [poisoned by a greater naga (splash of poison)]
 62648 | Snake:4  | HP: 25/151 [poisoned by a greater naga (splash of poison)]
 63088 | Snake:4  | Reached skill level 12 in Dodging
 63102 | Snake:4  | Got a serpentine rune of Zot
 63576 | Vaults:1 | Entered Level 1 of the Vaults
 63914 | Vaults:1 | Gained mutation: You are robust. (+10% HP) [demonic ancestry]
 63914 | Vaults:1 | Reached XP level 19. HP: 120/172 MP: 24/26
 63915 | Vaults:1 | --Yay: Robust works well with the SoP!
 63987 | Vaults:1 | Found Joynet's Assorted Antiques.
 63994 | Vaults:1 | Bought a shiny helmet for 94 gold pieces
 63994 | Vaults:1 | Bought a potion of curing for 63 gold pieces
 64690 | Vaults:1 | HP: 40/172 [???[a lich] (38)]
 64692 | Vaults:1 | HP: 14/172 [yaktaur/bolt[a yaktaur captain] (14)]
 64692 | Vaults:1 | HP: 1/172 [yaktaur captain (13)]
 64692 | Vaults:1 | Slain by a lorocyproca

Vault maps used:
D:1:      mrwooster_arrival_statue_3, roderic_roman_lattice
D:2:      led_sif_pool, lemuel_round_altar
D:3:      lemuel_doored_altar, portal_sewer_entry_e, first_bread,
          elyvilon_altar_4
D:4:      tso_oasis_becter, serial_shops, shop, uniq_pikel
D:5:      nicolae_ru_great_annihilating_truth, serial_shops, shop
D:6:      nicolae_for_you_no_charge
D:7:      nicolae_ashenzari_panopticon, nicolae_overflow_crystal_walls,
          grunt_gozag_breadcrumbs
D:8:      kennysheep_little_box, hangedman_ranch, fedhas_altar_fruit_tree
D:9:      okawaru_humans, david_lair_generic, erik_orc_1, enter_bailey_2
D:11:     minmay_misc_feat_four_crosses
D:12:     lab_entry_generic
D:13:     kennysheep_seaside_town, david_vaults_1, lightli_fourway_metalbox,
          uniq_sonja
D:14:     lemuel_round_altar, minmay_parallelograms, jmf_multi_god_temple2
D:15:     gammafunk_enter_depths_forms, hex_medium
Temple:   minmay_temple_bridge_abc
Lair:1:   lemuel_reptile_caves, nicolae_quartered_pool_super,
          beast_lair_carwin_1, lemuel_fruit_fields, uniq_urug
Lair:2:   patterned_corridor, grunt_megastairs_2, infiniplex_staircase_pool,
          uniq_harold
Lair:3:   kennysheep_rathole, minmay_swamp_entry_worms, beast_lair_carwin_8,
          serial_bayou_shore_b, grunt_megastairs_5, uniq_maud
Lair:4:   dummy_snake_entry, minmay_lindwurm_lava, grunt_megastairs_3
Lair:5:   dpeg_slime_entry_corner
Lair:6:   minmay_lair_end_enchanted_forest, serial_bayou_shore_b
Swamp:1:  hangedman_swamp_cone
Swamp:2:  hangedman_swamp_ruin_wall, swamp_pool1, st_shrine_of_shade
Swamp:3:  evilmike_swamp_ruin_rubble_2, uniq_nikola
Swamp:4:  swamp_vile, swamp_pool2
Snake:1:  serial_bayou_shore_a, uniq_agnes, uniq_aizul, uniq_asterion
Snake:2:  special_room, guppyfry_library_mini, grunt_megastairs_1
Snake:4:  minmay_snake_end_coiled, nicolae_snake_double_loop,
          hangedman_snake_pattern, serial_bayou_ford_a, grunt_ministairs_5,
          spider_trap
Orc:1:    basic_altar
Orc:2:    pf_orc_diabolical, uniq_nessos
Vaults:1: v_misc_5, nicolae_vaults_hallways_thing, nicolae_vaults_specimen_jars,
          nicolae_vaults_little_squares_2, ontoclasm_vaults_eye,
          nicolae_vaults_disjoint_gnomons, v_misc_23, v_rooms_4,
          vaults_room_hangedman_quadrants, nicolae_vaults_circle_grid_b,
          vaults_room_pool, nicolae_vaults_angled_halls, vaults_room_door_ring,
          nicolae_vaults_yaktaur_gun_rack, nicolae_vaults_little_squares_2,
          serial_shops, shop
Abyss:1:  evilmike_abyss_exit_11
Abyss:2:  abyss_furniture_001, evilmike_abyss_exit_16
Lab:      nicolae_lab_dead_adventurers, nicolae_lab_checkerboard,
          labyrinth_skeletal_remains
Sewer:    sewer_co_15_rooms
Bailey:   bailey_polearm_4, bailey

Skill      XL: |  1  2  3  4  5  6  7  8  9 10 11 12 13 14 15 16 17 18 |
---------------+-------------------------------------------------------+-----
Long Blades    | 2 3 4 5 6 7 9 11 12 13 14 15 17 | 17.9
Invocations    | 3 4 5 6 8 9 |  9.0
Armour         | 4 5 8 10 12 13 15 | 15.3
Fighting       | 5 7 10 12 14 16 | 16.0
Stealth        | 1 |  1.5
Dodging        | 7 10 12 | 12.2
Evocations     | 5 9 |  9.7

Action                   |  1- 3 |  4- 6 |  7- 9 | 10-12 | 13-15 | 16-18 | 19-21 || total
-------------------------+-------+-------+-------+-------+-------+-------+-------++-------
Melee: Falchion          |   105 |   104 |   270 |       |       |       |       ||   479
       Kick              |       |     2 |    47 |   128 |    82 |   181 |    19 ||   459
       Great sword       |       |       |    21 |   493 |  1202 |  1444 |    59 ||  3219
       Scimitar          |       |       |     9 |       |       |       |       ||     9
       Hunting sling     |       |       |       |       |     1 |       |       ||     1
       Unarmed           |       |       |       |       |     1 |       |       ||     1
 Fire: Hunting sling     |    11 |    85 |   212 |   340 |   440 |   256 |     8 ||  1352
Throw: Tomahawk          |       |       |    12 |     6 |    23 |       |       ||    41
       Stone             |       |       |     1 |       |       |       |       ||     1
       Throwing net      |       |       |       |       |     3 |     2 |       ||     5
       Javelin           |       |       |       |       |     6 |       |       ||     6
Invok: Banish            |       |       |     2 |     7 |     5 |     6 |       ||    20
       Bend Space        |       |       |       |     1 |     1 |     1 |       ||     3
       Depart the Abyss  |       |       |       |       |     1 |       |       ||     1
 Abil: Evoke Flight      |       |       |       |       |     2 |    11 |       ||    13
       Stop Flying       |       |       |       |       |       |     1 |       ||     1
Evoke: Wand              |       |       |     1 |     4 |     2 |     4 |       ||    11
       Rod               |       |       |       |     1 |     3 |     4 |       ||     8
       Lamp of fire      |       |       |       |       |     1 |     1 |       ||     2
  Use: Scroll            |     5 |     4 |     7 |    10 |    18 |    15 |     1 ||    60
       Potion            |       |     1 |       |     3 |     9 |     9 |     1 ||    23
 Stab: Paralysed         |       |       |     1 |       |     1 |       |       ||     2
       Invisible         |       |       |       |       |     1 |       |       ||     1
       Distracted        |       |       |       |       |       |     1 |       ||     1
  Eat: Chunk             |     3 |     6 |    22 |    23 |    51 |    36 |     4 ||   145
       Royal jelly       |       |       |       |     1 |     1 |       |       ||     2
       Bread ration      |       |       |       |     2 |     1 |     7 |       ||    10
       Fruit             |       |       |       |     2 |     1 |       |       ||     3
       Pizza             |       |       |       |     1 |       |     1 |       ||     2
       Meat ration       |       |       |       |       |     1 |     3 |       ||     4
       Beef jerky        |       |       |       |       |       |     2 |       ||     2
Armor: Ring mail         |    49 |    56 |   138 |    74 |       |       |       ||   317
       Plate armour      |       |       |       |   343 |  1108 |  1098 |    53 ||  2602
Dodge: Dodged            |    50 |    70 |   139 |   157 |   301 |   550 |    34 ||  1301
Block: Buckler           |       |       |    10 |       |       |       |       ||    10

Table legend:
 A = Turns spent in this place as a percentage of turns spent in the entire game.
 B = Non-inter-level travel turns spent in this place as a percentage of non-inter-level travel turns spent in the entire game.
 C = Inter-level travel turns spent in this place as a percentage of turns spent in this place.
 D = Turns resting spent in this place as a percentage of non-inter-level travel turns spent in this place.
 E = Turns spent auto-exploring this place as a percentage of non-inter-level travel turns spent in this place.
 F = Non-inter-level travel turns spent in this place divided by the number of levels of this place that you've seen.
                   A       B       C       D       E      F
               +-------+-------+-------+-------+-------+----------------------
         Total | 100.0 | 100.0 |   0.5 |   3.7 |   3.1 | 603.3
       Dungeon |  36.1 |  36.1 |   0.5 |   2.3 |   4.0 | 552.3
        Temple |   0.1 |   0.1 |   6.2 |   0.0 |  53.3 |  15.0
          Lair |  18.0 |  17.9 |   0.9 |   2.3 |   3.5 | 684.3
         Swamp |  12.5 |  12.5 |   0.6 |   4.8 |   3.2 | 717.5
     Snake Pit |  17.6 |  17.6 |   0.5 |   8.0 |   2.8 | 1007.0
  Orcish Mines |   8.3 |   8.3 |   0.3 |   4.4 |   0.9 | 954.0
        Vaults |   2.9 |   3.0 |   0.0 |   1.3 |   0.3 | 678.0
         Abyss |   0.7 |   0.7 |   0.0 |   2.4 |   0.0 |  84.5
     Labyrinth |   1.8 |   1.8 |   0.0 |   0.0 |   0.0 | 407.0
         Sewer |   1.3 |   1.3 |   0.0 |   1.3 |   2.6 | 308.0
        Bailey |   0.7 |   0.7 |   0.0 |   5.3 |   0.0 | 152.0
               +-------+-------+-------+-------+-------+----------------------

Vault maps used:
D:1:      mrwooster_arrival_statue_3, roderic_roman_lattice
D:2:      led_sif_pool, lemuel_round_altar
D:3:      lemuel_doored_altar, portal_sewer_entry_e, first_bread,
          elyvilon_altar_4
D:4:      tso_oasis_becter, serial_shops, shop, uniq_pikel
D:5:      nicolae_ru_great_annihilating_truth, serial_shops, shop
D:6:      nicolae_for_you_no_charge
D:7:      nicolae_ashenzari_panopticon, nicolae_overflow_crystal_walls,
          grunt_gozag_breadcrumbs
D:8:      kennysheep_little_box, hangedman_ranch, fedhas_altar_fruit_tree
D:9:      okawaru_humans, david_lair_generic, erik_orc_1, enter_bailey_2
D:11:     minmay_misc_feat_four_crosses
D:12:     lab_entry_generic
D:13:     kennysheep_seaside_town, david_vaults_1, lightli_fourway_metalbox,
          uniq_sonja
D:14:     lemuel_round_altar, minmay_parallelograms, jmf_multi_god_temple2
D:15:     gammafunk_enter_depths_forms, hex_medium
Temple:   minmay_temple_bridge_abc
Lair:1:   lemuel_reptile_caves, nicolae_quartered_pool_super,
          beast_lair_carwin_1, lemuel_fruit_fields, uniq_urug
Lair:2:   patterned_corridor, grunt_megastairs_2, infiniplex_staircase_pool,
          uniq_harold
Lair:3:   kennysheep_rathole, minmay_swamp_entry_worms, beast_lair_carwin_8,
          serial_bayou_shore_b, grunt_megastairs_5, uniq_maud
Lair:4:   dummy_snake_entry, minmay_lindwurm_lava, grunt_megastairs_3
Lair:5:   dpeg_slime_entry_corner
Lair:6:   minmay_lair_end_enchanted_forest, serial_bayou_shore_b
Swamp:1:  hangedman_swamp_cone
Swamp:2:  hangedman_swamp_ruin_wall, swamp_pool1, st_shrine_of_shade
Swamp:3:  evilmike_swamp_ruin_rubble_2, uniq_nikola
Swamp:4:  swamp_vile, swamp_pool2
Snake:1:  serial_bayou_shore_a, uniq_agnes, uniq_aizul, uniq_asterion
Snake:2:  special_room, guppyfry_library_mini, grunt_megastairs_1
Snake:4:  minmay_snake_end_coiled, nicolae_snake_double_loop,
          hangedman_snake_pattern, serial_bayou_ford_a, grunt_ministairs_5,
          spider_trap
Orc:1:    basic_altar
Orc:2:    pf_orc_diabolical, uniq_nessos
Vaults:1: v_misc_5, nicolae_vaults_hallways_thing, nicolae_vaults_specimen_jars,
          nicolae_vaults_little_squares_2, ontoclasm_vaults_eye,
          nicolae_vaults_disjoint_gnomons, v_misc_23, v_rooms_4,
          vaults_room_hangedman_quadrants, nicolae_vaults_circle_grid_b,
          vaults_room_pool, nicolae_vaults_angled_halls, vaults_room_door_ring,
          nicolae_vaults_yaktaur_gun_rack, nicolae_vaults_little_squares_2,
          serial_shops, shop
Abyss:1:  evilmike_abyss_exit_11
Abyss:2:  abyss_furniture_001, evilmike_abyss_exit_16
Lab:      nicolae_lab_dead_adventurers, nicolae_lab_checkerboard,
          labyrinth_skeletal_remains
Sewer:    sewer_co_15_rooms
Bailey:   bailey_polearm_4, bailey
